[Event "Team 45 45 League T48"]
[Site "Internet Chess Club"]
[Date "2011.03.04"]
[Round "4"]
[White "Packerfan"]
[Black "Ivio"]
[Result "1-0"]
[WhiteElo "1822"]
[BlackElo "1814"]
[Opening "French: Rubinstein variation"]
[ECO "C10"]
[Time "15:00:28"]
[TimeControl "2700+45"]

1. e4 e6 2. d4 d5 3. Nc3 dxe4 4. Nxe4 Nd7 5. Nf3 Ngf6 6. Bg5 Be7 7. Nxf6+ Nxf6
8. Bb5+ Bd7 9. Qd3 a5 10. Bxd7+ Qxd7 11. O-O O-O 12. Ne5 Qd8 13. c3 Nd5 14. Bxe7
Qxe7 15. Rad1 Rad8 16. Rfe1 Nf6 17. a3 c5 18. Qb5 cxd4 19. Rxd4 Rxd4 20. cxd4
Rd8 21. Rd1 Rd5 22. Qb6 Ne4 23. f3 Nd6 24. Rc1 h6 25. Rc5 Qh4 26. Rc1 Qxd4+ 27.
Qxd4 Rxd4 28. Nd7 Nc4 29. Nc5 b6 30. Nb3 Rd3 31. Rxc4 Rxb3 32. Rc8+ Kh7 33. Rc2
Rd3 34. Kf2 Rd6 35. Ke3 Kg6 36. b4 axb4 37. axb4 f6 38. Rc7 e5 39. Rb7 f5 40. g3
Kf6 41. h4 g5 42. hxg5+ hxg5 43. Rc7 f4+ 44. gxf4 gxf4+ 45. Ke2 Ke6 46. Rc4 Kd7
47. Re4 Rd5 48. Rc4 Kd6 49. Re4 b5 50. Kf2 Rd4 51. Rxd4+ exd4 52. Ke2 Ke5 53.
Kd2 Kd5 54. Kd3 Ke5 55. Kd2 Kf5 56. Ke2 Kg5 57. Kd3 Kh4 58. Kxd4 Kg3 59. Ke4 Kf2
60. Kxf4 Ke2 61. Ke4 Kd2 62. f4 Kc3 63. f5 Kxb4 64. f6 Ka3 65. f7 b4 66. f8=Q
Ka4 67. Qa8+ Kb3 68. Qa1 Kc2 69. Qa2+ Kc3 70. Qb1 b3 71. Ke3 b2 72. Ke2 Kb3 73.
Kd3 {Black resigns} 1-0

[Event "Team 45 45 League T48"]
[Site "Internet Chess Club"]
[Date "2011.03.05"]
[Round "4"]
[White "Salvatore"]
[Black "montgomerydvd"]
[Result "0-1"]
[WhiteElo "1621"]
[BlackElo "1592"]
[Opening "Richter-Veresov attack"]
[ECO "D01"]
[Time "13:00:38"]
[TimeControl "2700+45"]

1. d4 d5 2. Nc3 Nf6 3. Bg5 Nbd7 4. Nf3 e6 5. e4 dxe4 6. Nxe4 Be7 7. Nxf6+ Nxf6
8. Bd3 O-O 9. O-O b6 10. h3 Bb7 11. c4 c5 12. Re1 Bxf3 13. Qxf3 cxd4 14. Rad1
Rc8 15. Bf4 Bd6 16. Bg5 Be7 17. b3 Rc5 18. Bc1 Rc8 19. Bb2 Bc5 20. a3 a5 21. Re5
Re8 22. Rg5 Qe7 23. Re1 Rcd8 24. Qg3 g6 25. Qh4 Kg7 26. Rg3 e5 27. Bc1 Qe6 28.
Qh6+ Kh8 29. f3 Bf8 30. Qd2 Bd6 31. Be4 Qe7 32. Bc6 Rf8 33. h4 Bxa3 34. Rg5 Bb4
35. Rgxe5 Bxd2 36. Rxe7 Bxe1 37. Rxe1 Rd6 38. Bb5 Kg7 39. Ba3 Rfd8 40. Bxd6 Rxd6
41. Rd1 Nh5 42. Kf2 Nf4 43. g3 Ne6 44. Ke2 Nc5 45. Rb1 Kf6 46. b4 axb4 47. Rxb4
Re6+ 48. Kd2 Re3 49. Bc6 Rd3+ 50. Ke2 Rb3 51. Rxb3 Nxb3 52. Kd3 Ke5 53. Be8 f5
54. Bf7 Kf6 55. Bd5 g5 56. hxg5+ Kxg5 57. Bg8 h5 58. Bh7 f4 59. gxf4+ Kxf4 60.
Be4 h4 61. Ke2 Nc5 62. Ba8 d3+ 63. Kd2 h3 {White resigns} 0-1

[Event "Team 45 45 League T48"]
[Site "Internet Chess Club"]
[Date "2011.03.05"]
[Round "4"]
[White "ChessLordddd"]
[Black "Berke"]
[Result "1-0"]
[WhiteElo "1783"]
[BlackElo "1489"]
[Opening "Queen's bishop game"]
[ECO "D02"]
[Time "16:30:26"]
[TimeControl "2700+45"]

1. d4 d5 2. Nf3 Nf6 3. Bf4 e6 4. e3 Bd6 5. Bg3 c5 6. c3 cxd4 7. exd4 Ne4 8. Bxd6
Qxd6 9. Bd3 Nd7 10. Nbd2 f5 11. Qe2 a6 12. O-O O-O 13. Rfe1 Qb6 14. Nb3 a5 15.
Qc2 Ndf6 16. h3 Bd7 17. Ne5 a4 18. Nc5 Nxc5 19. dxc5 Qc7 20. Nxd7 Qxd7 21. b3
axb3 22. axb3 Ne4 23. b4 b6 24. cxb6 Qc6 25. f3 Qxb6+ 26. Kh1 Nf2+ 27. Kh2 Rxa1
28. Rxa1 Qe3 29. Bb5 Rc8 30. Qe2 Qxe2 31. Bxe2 Rxc3 32. Rb1 Rc8 33. Kg3 Nxh3 34.
Kxh3 Rb8 35. Kg3 Kf7 36. Kf4 Ke7 37. Ke5 h6 38. b5 g5 39. g4 fxg4 40. fxg4 Rb6
41. Rh1 Rd6 42. Rxh6 d4 43. Bd3 Rd5+ 44. Ke4 Rd6 45. Bc4 d3 46. Rxe6+ Rxe6+ 47.
Bxe6 Kxe6 48. Kxd3 Kd5 49. b6 Kc6 50. Ke4 Kxb6 51. Kf5 Kc7 52. Kxg5 Kd7 53. Kf6
Ke8 54. Kg7 Ke7 55. g5 Ke6 56. g6 Kf5 57. Kf7 {Black resigns} 1-0

[Event "Team 45 45 League T48"]
[Site "Internet Chess Club"]
[Date "2011.03.07"]
[Round "4"]
[White "milesotoole"]
[Black "mongmong"]
[Result "0-1"]
[WhiteElo "1429"]
[BlackElo "1649"]
[Opening "French: Tarrasch, open variation"]
[ECO "C07"]
[Time "21:34:53"]
[TimeControl "2700+45"]

1. e4 e6 2. d4 d5 3. Nd2 c5 4. Ngf3 Nc6 5. exd5 Qxd5 6. Bc4 Qh5 7. Be2 Qg6 8.
O-O cxd4 9. Bd3 Qh5 10. Be2 Qg6 11. Bd3 Qf6 12. b3 e5 13. Bb2 Bb4 14. Nc4 Bg4
15. a3 Bxf3 16. Qxf3 Qxf3 17. gxf3 Ba5 18. b4 Bc7 19. Rfe1 f6 20. b5 Na5 21.
Bxd4 Nxc4 22. Bxc4 O-O-O 23. Be3 Ne7 24. Rab1 b6 25. Bd3 Ng6 26. Bf5+ Kb8 27. c4
Nh4 28. Be4 f5 29. Bd5 Rxd5 30. cxd5 Nxf3+ 31. Kf1 Nxe1 32. Kxe1 Rd8 33. Rd1 Bd6
34. a4 e4 35. h3 Rc8 36. Ke2 Rc2+ 37. Rd2 Rxd2+ 38. Bxd2 Kb7 39. f3 exf3+ 40.
Kxf3 Kc7 41. Bf4 Bxf4 42. Kxf4 g6 43. Ke5 Kd8 44. h4 Ke7 45. d6+ Kd7 46. Kd5 h6
47. Ke5 f4 {White resigns} 0-1

[Event "Team 45 45 League T48"]
[Site "Internet Chess Club"]
[Date "2011.03.06"]
[Round "4"]
[White "tourettes"]
[Black "heartbreakkid"]
[Result "1-0"]
[WhiteElo "1500"]
[BlackElo "1709"]
[Opening "Ruy Lopez: exchange variation"]
[ECO "C68"]
[Time "12:03:04"]
[TimeControl "2700+45"]

1. e4 e5 2. Nf3 Nc6 3. Bb5 a6 4. Bxc6 dxc6 5. h3 Be6 6. O-O Nf6 7. d3 Bd6 8. Be3
O-O 9. Nbd2 h6 10. c3 b6 11. Qc2 a5 12. d4 exd4 13. cxd4 Qd7 14. e5 Bf5 15. Qd1
Bd3 16. Re1 Nd5 17. exd6 cxd6 18. Nf1 Bxf1 19. Kxf1 Rae8 20. Qc2 Nb4 21. Qd1 Nd5
22. a3 Re7 23. Qc2 Rfe8 24. Bd2 c5 25. Rxe7 Rxe7 26. dxc5 Qb5+ 27. Kg1 bxc5 28.
b4 axb4 29. axb4 Nxb4 30. Ra8+ Re8 31. Rxe8+ Qxe8 32. Bxb4 cxb4 33. Qb2 Qe4 34.
Nd4 Qe1+ 35. Kh2 Qc3 36. Qxc3 bxc3 37. Kg3 d5 38. Kf3 g5 39. Ke3 Kg7 40. Kd3 Kf6
41. Kxc3 Ke5 42. Nf3+ Ke4 43. Nd4 Ke5 44. Kd3 f5 45. Nf3+ Kf6 46. Kd4 Ke6 47.
Ne5 f4 48. Nc6 Kd6 49. Nd8 Ke7 50. Kxd5 Kxd8 51. Ke6 Ke8 52. Kf6 Kf8 53. Kg6 Ke7
54. Kxh6 Kf6 55. Kh5 Kf5 56. f3 Kf6 57. Kg4 Kg6 58. h4 gxh4 59. Kxf4 Kf6 60. Kg4
Ke6 61. Kxh4 Kf5 62. g3 Ke6 63. Kg5 Kd5 64. Kf6 Kd4 65. g4 Ke3 66. g5 Kxf3 67.
g6 Ke4 68. g7 Kd4 69. g8=Q Ke4 70. Qd8 Ke3 71. Qd5 {Black resigns} 1-0

[Event \"Team 45 45 League T48\"]\n[Site \"Internet Chess Club\"]\n[Date \"2011.03.05\"]\n[Round \"4\"]\n[White \"rainden\"]\n[Black \"Monsieur\"]\n[Result \"*\"]\n[WhiteElo \"1404\"]\n[BlackElo \"1560\"]\n[Opening \"Philidor: exchange variation\"]\n[ECO \"C41\"]\n[Time \"22:30:10\"]\n[TimeControl \"2700+45\"]\n1. e4 e5 2. Nf3 d6 3. d4 exd4 4. Nxd4 Nc6 5. Nc3 Nxd4 6. Qxd4 Be7 7. Be3 Bf6\n8. Qd2 Ne7 9. Bc4 O-O 10. O-O-O a6 11. f4 Qe8 12. h3 Nc6 13. g4 g6 14. Rhg1\nb5 15. Bb3 Bg7 16. f5 b4 17. Nd5 Qxe4 18. fxg6 hxg6 19. Bh6 Qe5 20. Bxg7\nQxg7 21. Rgf1 Be6 22. Nf6+ Kh8 23. Ba4 Ne5 24. Kb1 Rfd8 25. g5 c5 26. h4 Bg4\n27. Rde1 Nf3 28. Rxf3 Bxf3 29. Re8+ Rxe8 30. Nxe8 Qd4 31. Qxd4+ cxd4 32.\nNxd6 Kg7 33. Bb3 Rd8 34. Nxf7 Re8 35. a3 bxa3 36. bxa3 Re4 37. Nd6 Rxh4 38.\nKb2 a5 39. c4 d3 40. Kc3 Be2 41. c5 a4 42. Bc4 d2 43. Bxe2 Rh3+ 44. Kxd2\nRxa3 45. Bc4 Rf3 46. c6 Rf8 47. c7 a3 48. c8=Q Rxc8 49. Nxc8 Kf8 50. Bd3 a2\n{Game adjourned when White disconnected}\n*\n

[Event "Team 45 45 League T48"]
[Site "Internet Chess Club"]
[Date "2011.03.06"]
[Round "4"]
[White "BotanicalKnight"]
[Black "SirIvanhoe"]
[Result "1/2-1/2"]
[WhiteElo "1588"]
[BlackElo "1453"]
[Opening "Vienna game"]
[ECO "C27"]
[Time "19:05:16"]
[TimeControl "2700+45"]

1. Nc3 e5 2. e4 Nf6 3. Bc4 Nxe4 4. Nxe4 d5 5. Bxd5 Qxd5 6. Qf3 Qc6 7. Nc3 Bd6 8.
d3 Be6 9. Qxc6+ Nxc6 10. Nge2 a6 11. Be3 Nb4 12. O-O-O Nxa2+ 13. Nxa2 Bxa2 14.
b3 Ba3+ 15. Kd2 Bb4+ 16. Kc1 Ba3+ 17. Kd2 {Game drawn by mutual agreement}
1/2-1/2

[Event "Team 45 45 League T48"]
[Site "Internet Chess Club"]
[Date "2011.03.04"]
[Round "4"]
[White "singleaction45"]
[Black "vollmerj"]
[Result "0-1"]
[WhiteElo "1403"]
[BlackElo "1708"]
[Opening "Dutch"]
[ECO "A80"]
[Time "21:19:00"]
[TimeControl "2700+45"]

1. d4 f5 2. Nf3 Nf6 3. Bf4 g6 4. h3 Bg7 5. e3 O-O 6. c3 c6 7. Nbd2 Na6 8. Bd3
Nc7 9. e4 fxe4 10. Nxe4 Nxe4 11. Bxe4 Rxf4 12. Ng5 Qf8 13. Qb3+ d5 14. O-O h6
15. g3 Rf6 16. Qc2 hxg5 17. Bxg6 Bf5 18. Bxf5 Rxf5 19. Rfe1 e6 20. Re5 Bxe5
{White resigns} 0-1

[Event "Team 45 45 League T48"]
[Site "Internet Chess Club"]
[Date "2011.03.06"]
[Round "4"]
[White "medsurg"]
[Black "Just-Jim"]
[Result "1-0"]
[WhiteElo "1318"]
[BlackElo "1355"]
[Opening "Ruy Lopez: Cozio defense"]
[ECO "C60"]
[Time "17:00:24"]
[TimeControl "2700+45"]

1. e4 e5 2. Nf3 Nc6 3. Bb5 Nge7 4. O-O d6 5. h3 Bd7 6. d3 h6 7. Nc3 Nd4 8. Bxd7+
Qxd7 9. Nxd4 exd4 10. Ne2 c5 11. c3 dxc3 12. bxc3 O-O-O 13. Qb3 b6 14. Be3 d5
15. Rfd1 Nc6 16. Nf4 d4 17. cxd4 cxd4 18. Bd2 Bc5 19. Rdc1 Rhe8 20. Rab1 f5 21.
f3 Qd6 22. Bb4 Nxb4 23. Qxb4 Kb7 24. Rxc5 Ka8 25. Rc8+ Kb7 26. Qxd6 {Black
resigns} 1-0

[Event "Team 45 45 League T48"]
[Site "Internet Chess Club"]
[Date "2011.03.06"]
[Round "4"]
[White "carolinaknight"]
[Black "theartist"]
[Result "1-0"]
[WhiteElo "1249"]
[BlackElo "1151"]
[Opening "French: advance, Paulsen attack"]
[ECO "C02"]
[Time "15:02:08"]
[TimeControl "2700+45"]

1. e4 e6 2. d4 d5 3. e5 c5 4. Nf3 Nc6 5. c3 Qb6 6. Qc2 Nge7 7. Be2 Nf5 8. O-O
cxd4 9. c4 Qc5 10. b3 dxc4 11. Bxc4 a6 12. Nbd2 Nxe5 13. Ne4 Qc6 14. Nxe5 Qb6
15. Qd3 Be7 16. g4 Nd6 17. Nxd6+ Bxd6 18. Nf3 Bc5 19. Bb2 O-O 20. Ng5 g6 21. Qh3
h5 22. gxh5 Kg7 23. h6+ Kh8 24. f4 f6 25. Nxe6 d3+ 26. Kh1 Qc6+ 27. Qf3 Bxe6 28.
Qxc6 bxc6 29. Bxe6 Rad8 30. Rad1 Rd6 31. Bc4 Rfd8 32. Bxa6 Bd4 33. Bxd4 Rxd4 34.
Bc4 Kh7 35. Rf3 d2 36. Rf2 Kxh6 37. Rf3 Kg7 38. Kg2 Re8 39. Rff1 Re2+ 40. Bxe2
{Black resigns} 1-0

[Event "Team 45 45 League T48"]
[Site "Internet Chess Club"]
[Date "2011.03.06"]
[Round "4"]
[White "WzeroMN"]
[Black "bhandelman"]
[Result "0-1"]
[WhiteElo "1096"]
[BlackElo "1123"]
[Opening "Ruy Lopez: Berlin defense, open variation"]
[ECO "C67"]
[Time "16:31:45"]
[TimeControl "2700+45"]

1. e4 e5 2. Nf3 Nc6 3. Bb5 Nf6 4. O-O Nxe4 5. Re1 Nf6 6. Bxc6 bxc6 7. Nxe5 Be7
8. Nf3 O-O 9. d4 Ba6 10. Nbd2 c5 11. c3 c4 12. b3 d5 13. bxc4 dxc4 14. Ne5 Qd5
15. Rb1 Rab8 16. Qf3 Qxf3 17. Nexf3 Bd6 18. Bb2 c5 19. Ba3 Bf4 20. Bxc5 Rfe8 21.
Rxe8+ Rxe8 22. Nf1 Bc7 23. Bxa7 Ba5 24. Rc1 Re2 25. Rb1 Bxc3 26. Rb8+ Re8 27.
Rxe8+ Nxe8 28. d5 Bb2 29. Ne1 c3 30. Bc5 Nf6 31. d6 Bb5 32. Ne3 Ne4 33. N1c2
Nxc5 34. Nd5 Bd3 35. Ne1 Be4 36. a4 Bxd5 37. a5 Bc1 38. Nc2 Be4 39. a6 Bxc2 40.
a7 Be4 41. f3 Bc6 42. Kf1 Bf4 {White resigns} 0-1

[Event "Team 45 45 League T48"]
[Site "Internet Chess Club"]
[Date "2011.03.05"]
[Round "4"]
[White "browndeer"]
[Black "BrianWood"]
[Result "0-1"]
[WhiteElo "1133"]
[BlackElo "1374"]
[Opening "Ruy Lopez: closed"]
[ECO "C90"]
[Time "18:00:38"]
[TimeControl "2700+45"]

1. e4 e5 2. Nf3 Nc6 3. Bb5 a6 4. Ba4 Nf6 5. O-O Be7 6. Re1 b5 7. Bb3 d6 8. d3
O-O 9. Bg5 h6 10. Bd2 Bg4 11. Be3 Na5 12. Nc3 Nxb3 13. axb3 d5 14. h3 Bxf3 15.
Qxf3 d4 16. Bxd4 exd4 17. Ne2 c5 18. c4 bxc4 19. bxc4 Qb6 20. Rab1 Bd6 21. Nf4
Bc7 22. Re2 Bxf4 23. Qxf4 Qb3 24. Qf3 a5 25. Rd2 a4 26. Qd1 Rfb8 27. Qxb3 Rxb3
28. Rdd1 Nd7 29. Kf1 Ne5 30. Ke2 Rab8 31. Rd2 a3 32. f4 Nxd3 33. Rxd3 Rxb2+ 34.
Rxb2 axb2 35. Rd1 b1=Q 36. Rxb1 Rxb1 37. g3 Rb3 38. g4 Rxh3 39. e5 Rc3 40. g5
hxg5 41. fxg5 Rxc4 42. g6 fxg6 43. e6 Kf8 44. Kd3 Rc3+ 45. Ke4 Ke7 46. Kd5 d3
{White resigns} 0-1

[Event "Team 45 45 League T48"]
[Site "Internet Chess Club"]
[Date "2011.03.05"]
[Round "4"]
[White "Knight2night"]
[Black "kingsleywang"]
[Result "1-0"]
[WhiteElo "1261"]
[BlackElo "1222"]
[Opening "Ruy Lopez: exchange variation, 5.O-O"]
[ECO "C68"]
[Time "16:00:30"]
[TimeControl "2700+45"]

1. e4 e5 2. Nf3 Nc6 3. Bb5 a6 4. Bxc6 dxc6 5. O-O Bg4 6. d3 Bc5 7. Be3 Qd6 8.
Nbd2 Nf6 9. Nc4 Qe7 10. Ncxe5 Bd6 11. Nc4 O-O 12. e5 Bxf3 13. Qxf3 b5 14. exf6
Qxf6 15. Qxf6 gxf6 16. Nxd6 cxd6 17. Rfe1 Rfe8 18. a4 Re7 19. axb5 cxb5 20. c4
bxc4 21. dxc4 Rae8 22. Rxa6 f5 23. Kf1 f4 24. Bd2 Re4 25. Rxe4 Rxe4 26. b3 Rd4
27. Ra8+ Kg7 28. Bc3 {Black resigns} 1-0

[Event "Team 45 45 League T48"]
[Site "Internet Chess Club"]
[Date "2011.03.05"]
[Round "4"]
[White "almond123"]
[Black "sockmonkey"]
[Result "0-1"]
[WhiteElo "1038"]
[BlackElo "1086"]
[Opening "Caro-Kann: classical variation"]
[ECO "B18"]
[Time "15:00:36"]
[TimeControl "2700+45"]

1. e4 c6 2. d4 d5 3. Nc3 dxe4 4. Nxe4 Bf5 5. Bd3 Qxd4 6. Nc3 Bxd3 7. cxd3 e6 8.
Nf3 Qb6 9. O-O Nd7 10. b3 Bb4 11. Bb2 Ngf6 12. Ne4 O-O 13. Qc1 Nd5 14. Qg5 f6
15. Qh5 Nf4 16. Qh4 e5 17. Neg5 fxg5 18. Nxg5 Nf6 19. Bxe5 Ng6 20. Qh3 Nxe5 21.
Qe6+ Kh8 22. Qxe5 Qc5 23. Qc7 Qxg5 24. f4 Bc5+ 25. Kh1 Nd5 26. Qxb7 Qf6 27. Rac1
Rfb8 28. Qd7 Be3 29. Rce1 Bxf4 30. Re2 Qh4 31. g3 Bxg3 32. Rf5 Nf6 33. Kg1 Nxd7
34. hxg3 Qd4+ 35. Kg2 Qxd3 36. Ref2 Qe4+ 37. Kf1 Rf8 38. R5f4 Rxf4 39. gxf4 Qh1+
40. Ke2 Re8+ 41. Kd3 Qe4+ 42. Kc3 Qe3+ {White resigns} 0-1

[Event "Team 45 45 League T48"]
[Site "Internet Chess Club"]
[Date "2011.03.06"]
[Round "4"]
[White "tcianciola"]
[Black "XGG123"]
[Result "1-0"]
[WhiteElo "1145"]
[BlackElo "865"]
[Opening "QGD: Marshall defense"]
[ECO "A50"]
[Time "20:00:30"]
[TimeControl "2700+45"]

1. d4 Nf6 2. c4 d5 3. Nc3 dxc4 4. e4 Bg4 5. f3 Bh5 6. Bxc4 e6 7. Nge2 Bb4 8. O-O
O-O 9. a3 Ba5 10. Nf4 Bg6 11. Nxg6 hxg6 12. Bg5 Nc6 13. e5 Nxd4 14. exf6 gxf6
15. Be3 Nf5 16. Bf2 c6 17. Qa4 Bc7 18. Rad1 Qe7 19. Rfe1 Rad8 20. Bd3 Kg7 21.
Qg4 Rh8 22. Bxf5 Rxd1 23. Nxd1 Qd6 24. Bg3 Qd4+ 25. Qxd4 Bxg3 26. hxg3 exf5 27.
Re7 b6 28. Rxa7 c5 29. Qd7 Rf8 30. Rb7 c4 31. Rxb6 Kh6 32. Rxf6 Ra8 33. Qxf7 Kh5
34. Qxg6# {Black checkmated} 1-0

[Event "Team 45 45 League T48"]
[Site "Internet Chess Club"]
[Date "2011.03.05"]
[Round "4"]
[White "Razorbackchess"]
[Black "gerailen0075"]
[Result "0-1"]
[WhiteElo "1771"]
[BlackElo "2067"]
[Opening "English opening"]
[ECO "A13"]
[Time "09:00:34"]
[TimeControl "2700+45"]

1. c4 e6 2. g3 f5 3. Bg2 Nf6 4. Nf3 d5 5. O-O c6 6. d3 dxc4 7. dxc4 Qxd1 8. Rxd1
Nbd7 9. Bf4 Bc5 10. Bd6 Bxd6 11. Rxd6 Ke7 12. Rd1 e5 13. Nc3 e4 14. Nd4 Ne5 15.
b3 Bd7 16. f3 exf3 17. exf3 Rhe8 18. h3 Nh5 19. Kh2 f4 20. g4 Ng3 21. Re1 Kf6
22. Ne4+ Nxe4 23. Rxe4 g5 24. Rd1 Rad8 25. Nc2 Be6 26. Rxd8 Rxd8 27. Rd4 Rxd4
28. Nxd4 Nd3 29. Bf1 Nc1 30. a3 Bd7 31. b4 Ke5 32. Nc2 Be8 33. b5 c5 34. a4 b6
35. h4 Bg6 36. Ne1 h6 37. hxg5 hxg5 38. Kg2 Kd4 39. Kf2 Nd3+ 40. Ke2 Nxe1 41.
Kxe1 Bd3 {White resigns} 0-1

[Event "Team 45 45 League T48"]
[Site "Internet Chess Club"]
[Date "2011.03.05"]
[Round "4"]
[White "ILRE"]
[Black "Tamarin"]
[Result "1/2-1/2"]
[WhiteElo "1613"]
[BlackElo "1721"]
[Opening "English opening"]
[ECO "A22"]
[Time "19:30:30"]
[TimeControl "2700+45"]

1. c4 e5 2. Nc3 Nf6 3. d3 Bb4 4. Qc2 Nc6 5. e3 d5 6. cxd5 Nxd5 7. Bd2 Be6 8. Nf3
Qd7 9. Be2 O-O 10. O-O f5 11. Ng5 Rf6 12. Nxe6 Rxe6 13. Nxd5 Bxd2 14. Nxc7 Qxc7
15. Qxd2 Rh6 16. g3 Qd7 17. f4 exf4 18. Rxf4 g5 19. Rf2 Rf8 20. Rd1 Qe6 21. b3
Qd6 22. d4 Rhf6 23. Bc4+ Kg7 24. Rdf1 h6 25. Bd3 Qd7 26. Bb5 Qd5 27. Bxc6 Rxc6
28. Rc1 Rxc1+ 29. Qxc1 f4 30. Qc7+ Rf7 31. Qe5+ Qxe5 32. dxe5 fxe3 33. Re2 Rf3
34. g4 Kf7 35. Kg2 Rf2+ 36. Rxf2+ exf2 37. Kxf2 Ke6 38. Ke3 Kxe5 39. a3 b5 40.
a4 a6 41. axb5 axb5 42. b4 Kd5 43. Kd3 Ke5 44. Ke3 Kd5 45. Kd3 {Game drawn by
mutual agreement} 1/2-1/2

[Event "Team 45 45 League T48"]
[Site "Internet Chess Club"]
[Date "2011.03.03"]
[Round "4"]
[White "badmove"]
[Black "BrandonBee"]
[Result "1-0"]
[WhiteElo "1745"]
[BlackElo "1548"]
[Opening "Réti: Lisitsin gambit deferred"]
[ECO "A04"]
[Time "15:13:38"]
[TimeControl "2700+45"]

1. Nf3 f5 2. d3 Nf6 3. e4 fxe4 4. dxe4 Nxe4 5. Bd3 Nc5 6. Ng5 Nxd3+ 7. Qxd3 g6
8. Qf3 d6 9. Qf7+ Kd7 10. Nxh7 c6 11. Nf6+ Kc7 12. Ne8+ Kd7 13. Nf6+ Kc7 14. Bf4
Bd7 15. Nxd7 Nxd7 16. Qxg6 e5 17. Bg3 Be7 18. Nc3 Nf6 19. O-O-O Qf8 20. Qd3 Nd7
21. Rhf1 Nc5 22. Qe2 Bg5+ 23. Kb1 Qh6 24. Rxd6 Kxd6 25. Qxe5+ {Black resigns}
1-0

[Event "Team 45 45 League T48"]
[Site "Internet Chess Club"]
[Date "2011.03.07"]
[Round "4"]
[White "Helaman"]
[Black "MateIn42"]
[Result "0-1"]
[WhiteElo "1436"]
[BlackElo "1483"]
[Opening "Ruy Lopez: Marshall counter-attack"]
[ECO "C89"]
[Time "21:36:38"]
[TimeControl "2700+45"]

1. e4 e5 2. Nf3 Nc6 3. Bb5 a6 4. Ba4 b5 5. Bb3 Nf6 6. O-O Be7 7. Re1 O-O 8. c3
d5 9. exd5 Nxd5 10. Nxe5 Nxe5 11. Rxe5 Nf6 12. d4 Bd6 13. Re1 Bb7 14. Be3 Qd7
15. a4 Ng4 16. h3 Bh2+ 17. Kh1 Nxe3 18. Rxe3 Bf4 19. Re1 Qxh3+ {White resigns}
0-1

[Event "Team 45 45 League T48"]
[Site "Internet Chess Club"]
[Date "2011.03.06"]
[Round "4"]
[White "imawesome"]
[Black "misuc56"]
[Result "1-0"]
[WhiteElo "1771"]
[BlackElo "1842"]
[Opening "Sicilian: Alapin's variation (2.c3)"]
[ECO "B22"]
[Time "12:24:24"]
[TimeControl "2700+45"]

1. e4 c5 2. c3 d6 3. d4 cxd4 4. cxd4 g6 5. Nc3 Bg7 6. Nf3 Nc6 7. Be3 Bd7 8. Be2
a6 9. a3 h5 10. Qc2 Nf6 11. h3 b5 12. b4 Rc8 13. Rc1 Nxb4 14. axb4 d5 15. e5 Ne4
16. Qb2 Nxc3 17. Rxc3 Rxc3 18. Qxc3 O-O 19. O-O Qb8 20. Qd2 Rc8 21. Ra1 Qb7 22.
Bh6 e6 23. Bxg7 Kxg7 24. Ra3 Qc6 25. Nh4 Qc1+ 26. Qxc1 Rxc1+ 27. Kh2 Bc8 28. Bd3
g5 29. Nf3 Kh6 30. Rb3 g4 31. hxg4 hxg4 32. Nd2 Kg5 33. Kg3 f5 34. exf6 Kxf6 35.
Nf1 e5 36. dxe5+ Kxe5 37. Ne3 Be6 38. Nxg4+ Bxg4 39. Kxg4 Kd4 40. f4 Rc8 41. Bg6
Kc4 42. Rb1 Rf8 43. f5 d4 44. Kf4 Kc3 45. Rd1 d3 46. Ke4 d2 47. Ke3 Kxb4 48.
Rxd2 a5 49. g4 a4 50. g5 a3 51. f6 Kc4 52. f7 b4 53. Bd3+ Kc5 54. Rc2+ Kd6 55.
Bc4 Ke7 56. g6 Kf6 57. Rg2 Kg7 58. Ke4 Rc8 59. Ba2 Rc3 60. Rf2 Rc8 61. Ke5 Rb8
62. f8=Q+ Rxf8 63. Rxf8 Kxf8 64. Kf6 {Black resigns} 1-0

[Event "Team 45 45 League T48"]
[Site "Internet Chess Club"]
[Date "2011.03.06"]
[Round "4"]
[White "xt"]
[Black "ryan2chess"]
[Result "0-1"]
[WhiteElo "1580"]
[BlackElo "1917"]
[Opening "Sicilian: accelerated fianchetto, modern variation with Bc4"]
[ECO "B35"]
[Time "13:08:28"]
[TimeControl "2700+45"]

1. e4 c5 2. Nf3 Nc6 3. d4 cxd4 4. Nxd4 g6 5. Nc3 Bg7 6. Be3 Nf6 7. Bc4 O-O 8. f3
e6 9. Ndb5 Na5 10. Bb3 b6 11. Bf4 Ne8 12. Qd2 a6 13. Nd6 Nxd6 14. Bxd6 Re8 15.
e5 Nb7 16. O-O-O b5 17. Ne4 a5 18. a3 Qb6 19. h4 Qa7 20. h5 b4 21. a4 Nxd6 22.
Nxd6 Rd8 23. hxg6 fxg6 24. Qg5 Rf8 25. Rxh7 Kxh7 26. Rh1+ Kg8 27. Qxg6 Qe3+ 28.
Kb1 Rf4 29. Rh7 Qxe5 30. c3 bxc3 31. bxc3 Qxc3 32. Qc2 Qa1# {White checkmated}
0-1

[Event "Team 45 45 League T48"]
[Site "Internet Chess Club"]
[Date "2011.03.06"]
[Round "4"]
[White "juniorVishy"]
[Black "Chess64655"]
[Result "1/2-1/2"]
[WhiteElo "1607"]
[BlackElo "1639"]
[Opening "King's Indian: Petrosian system, main line"]
[ECO "E93"]
[Time "16:00:23"]
[TimeControl "2700+45"]

1. d4 Nf6 2. c4 g6 3. Nc3 Bg7 4. e4 d6 5. Nf3 O-O 6. Be2 e5 7. d5 Nbd7 8. h3 Nc5
9. Qc2 a5 10. Be3 Qe7 11. O-O Bd7 12. Rab1 Ncxe4 13. Nxe4 Nxe4 14. Qxe4 Bf5 15.
Qh4 Qxh4 16. Nxh4 Bxb1 17. Rxb1 e4 18. g3 b6 19. a4 f5 20. Ng2 Be5 21. Nf4 Bxf4
22. Bxf4 Kg7 23. h4 h5 24. Kf1 Kf7 25. Ke1 Ke7 26. Kd2 Kd7 27. Kc3 Rac8 28. Kd4
{Game drawn by mutual agreement} 1/2-1/2

[Event "Team 45 45 League T48"]
[Site "Internet Chess Club"]
[Date "2011.03.02"]
[Round "4"]
[White "CKNIGHT3"]
[Black "cazj"]
[Result "1-0"]
[WhiteElo "1611"]
[BlackElo "1317"]
[Opening "Queen's gambit accepted"]
[ECO "D20"]
[Time "21:08:30"]
[TimeControl "2700+45"]

1. d4 d5 2. c4 dxc4 3. Nc3 Nf6 4. e3 Be6 5. e4 c6 6. a4 g6 7. Nf3 Bg7 8. Ng5 Qd7
9. f3 Na6 10. Nxe6 fxe6 11. Bxc4 Nb4 12. Be3 Rd8 13. Qb3 Nxe4 14. Nxe4 Bxd4 15.
Bxe6 Nc2+ 16. Ke2 Qc7 17. Qxc2 Qe5 18. Bxd4 Rxd4 19. Bb3 Rf8 20. Rad1 Rf6 21.
Rxd4 {Black resigns} 1-0

[Event "Team 45 45 League T48"]
[Site "Internet Chess Club"]
[Date "2011.03.07"]
[Round "4"]
[White "KyleMayhugh"]
[Black "crazyhorses"]
[Result "1-0"]
[WhiteElo "1422"]
[BlackElo "1569"]
[Opening "Sicilian: dragon, classical attack"]
[ECO "B73"]
[Time "03:00:12"]
[TimeControl "2700+45"]

1. e4 c5 2. Nf3 d6 3. d4 cxd4 4. Nxd4 Nf6 5. Nc3 g6 6. Be2 Bg7 7. Be3 O-O 8. O-O
Nc6 9. a3 Bd7 10. Qd2 Rc8 11. Bf3 Ne5 12. Be2 a6 13. Nf3 Nc4 14. Bxc4 Rxc4 15.
e5 Ng4 16. exd6 e6 17. Bd4 Bxd4 18. Nxd4 Qb6 19. Nb3 Rfc8 20. h3 Nf6 21. Rad1
R8c6 22. Qe3 Rxd6 23. Rxd6 Qxd6 24. Rd1 Qc7 25. Qg5 Kg7 26. Qe3 Be8 27. Nd4 Qb6
28. Nf5+ {Black resigns} 1-0

[Event "Team 45 45 League T48"]
[Site "Internet Chess Club"]
[Date "2011.03.04"]
[Round "4"]
[White "mongmong"]
[Black "BrianWood"]
[Result "1/2-1/2"]
[WhiteElo "1642"]
[BlackElo "1367"]
[Opening "Queen's pawn: Yusupov-Rubinstein system"]
[ECO "A46"]
[Time "20:04:22"]
[TimeControl "2700+45"]

1. d4 Nf6 2. Nf3 e6 3. e3 c5 4. Bd3 Be7 5. O-O O-O 6. Nbd2 d5 7. c3 c4 8. Bc2
Nc6 9. Qe2 Qc7 10. e4 h6 11. e5 Nd7 12. Re1 b5 13. Nf1 b4 14. h3 Rb8 15. N1h2 a5
16. Ng4 Re8 17. Nfh2 Nf8 18. Nxh6+ gxh6 19. Bxh6 Ng6 20. Qg4 Kh8 21. Bxg6 Rg8
22. Qf3 Rxg6 23. Bd2 Kg8 24. Ng4 Kg7 25. Nh6 Bf8 26. Ng4 Be7 27. g3 Qd8 28. Kf1
Qh8 29. h4 Ba6 30. Nh2 Nxd4 31. Qe3 Nc2 32. Qa7 Nxe1 33. Qxe7 bxc3 34. Bg5 Rxg5
35. Qxg5+ Kf8 36. Kxe1 cxb2 37. Rb1 c3 38. Ng4 c2 39. Rxb2 Rxb2 40. Qd8+ Kg7 41.
Qf6+ Kg8 42. Qd8+ Kg7 43. Qf6+ Kg8 44. Qd8+ {Game drawn by mutual agreement}
1/2-1/2